 Dungeon Crawl Stone Soup version 0.21.1-1-g345015f (webtiles) character file.

10156 shakethe the Arsonist (level 11, -11/62 HPs)
             Began as a Tengu Fire Elementalist on Feb 9, 2018.
             Was an Elder of Kikubaaqudgha.
             Mangled by a five-headed hydra (15 damage)
             ... on level 10 of the Dungeon.
             The game lasted 01:27:39 (16315 turns).

shakethe the Arsonist (Tengu Fire Elementalist)    Turns: 16315, Time: 01:27:40

Health: -11/62     AC:  6    Str:  8    XL:     11   Next: 57%
Magic:  19/21      EV: 16    Int: 19    God:    Kikubaaqudgha [****..]
Gold:   661        SH:  5    Dex: 15    Spells: 5/23 levels left

rFire    + . .     SeeInvis .   H - staff of wizardry {wiz+, !a}
rCold    . . .     Gourm    .   t - +0 buckler
rNeg     . . .     Faith    .   a - +0 robe
rPois    .         Spirit   .   (helmet restricted)
rElec    .         Reflect  .   p - +1 cloak
rCorr    .         Harm     .   i - +0 pair of gloves
MR       .....                  (boots unavailable)
Stlth    ++........             (no amulet)
HPRegen  0.20/turn              j - ring of fire {rF+, rC-}
MPRegen  0.17/turn              A - ring of protection from cold {rC+, !d}

@: no status effects
A: beak, talons 3, able to fly 1
a: Fly, Receive Corpses, Renounce Religion


You were on level 10 of the Dungeon.
You worshipped Kikubaaqudgha.
Kikubaaqudgha was greatly pleased with you.
You were not hungry.

You visited 2 branches of the dungeon, and saw 12 of its levels.

You collected 661 gold pieces.

Inventory:

Hand Weapons
 e - a +0 club
   (You took it off a hobgoblin on level 1 of the Dungeon)
 x - a +4 quarterstaff of chaos
   (You took it off Crazy Yiuf on level 3 of the Dungeon)
 F - a +0 mace of protection
   (You took it off a big kobold on level 7 of the Dungeon)
Missiles
 J - 7 curare-tipped needles
Armour
 a - a +0 robe (worn)
 i - a +0 pair of gloves (worn)
   (You found it on level 2 of the Dungeon)
 p - a +1 cloak (worn)
   (You found it on level 3 of the Dungeon)
 t - a +0 buckler (worn)
   (You found it on level 4 of the Dungeon)
Magical Staves
 H - an uncursed staff of wizardry (weapon) {wiz+, !a}
   (You took it off a crimson imp on level 8 of the Dungeon)
Jewellery
 j - a ring of fire (left hand) {rF+, rC-}
   (You found it on level 1 of the Dungeon)
 A - a ring of protection from cold (right hand) {rC+, !d}
   (You found it on level 5 of the Dungeon)
Wands
 r - a wand of paralysis (11)
   (You found it on level 3 of the Dungeon)
 y - a wand of iceblast (12)
   (You found it on level 4 of the Dungeon)
 C - a wand of acid (14)
   (You found it on level 6 of the Dungeon)
 G - a wand of flame (35)
   (You found it on level 8 of the Dungeon)
Scrolls
 g - a scroll of identify
 h - 4 scrolls of teleportation {unknown}
 m - 4 scrolls of remove curse {unknown}
 n - a scroll of immolation {!r}
 o - a scroll of blinking {unknown}
 u - 3 scrolls of enchant weapon
 E - 2 scrolls of noise {unknown}
 I - a scroll of fog {unknown}
 L - a scroll of amnesia {unknown}
 N - a scroll of fear {unknown}
Potions
 d - 2 potions of brilliance {unknown}
 f - a potion of agility {unknown}
 k - 3 potions of flight {unknown}
 l - 2 potions of lignification {unknown}
 q - 7 potions of curing {unknown}
 s - 2 potions of heal wounds
 v - 3 potions of mutation {unknown}
 w - 2 potions of haste {unknown}
 D - a potion of degeneration {unknown}
Books
 b - a book of Flames
 z - Kikubaaqudgha's Incunabulum of Sinister Rites
   (Kikubaaqudgha gifted it to you on level 5 of the Dungeon)

   Spells                             Type                      Level
   a - Animate Skeleton               Necromancy                   1
   b - Pain                           Necromancy                   1
   c - Sublimation of Blood           Necromancy                   2
   d - Regeneration                   Charms/Necromancy            3
 B - a book of Misfortune
   (You found it on level 6 of the Dungeon)
 K - Kikubaaqudgha's Tome of Evil Rites
   (Kikubaaqudgha gifted it to you on level 8 of the Dungeon)

   Spells                             Type                      Level
   a - Excruciating Wounds            Charms/Necromancy            5
   b - Bolt of Draining               Conjuration/Necromancy       5
   c - Borgnjor's Vile Clutch         Necromancy/Earth             5
   d - Dispel Undead                  Necromancy                   5
   e - Simulacrum                     Ice/Necromancy               6
 M - Sif Muna's Grimoire of Boosting Poison
   (You found it on level 10 of the Dungeon)

   Spells                             Type                      Level
   a - Sting                          Conjuration/Poison           1
   b - Ignite Poison                  Fire/Transmutation/Poison    3
   c - Excruciating Wounds            Charms/Necromancy            5
   d - Iskenderun's Battlesphere      Conjuration/Charms           5
   e - Deflect Missiles               Charms/Air                   6
Comestibles
 c - 14 rations
 O - a chunk of flesh {@w0}


   Skills:
 + Level 4.9 Fighting
 + Level 5.5 Armour
 + Level 6.1 Dodging
 - Level 2.0 Stealth
 - Level 4.0 Shields
 + Level 6.6 Spellcasting
 + Level 9.3 Conjurations
 + Level 7.7 Necromancy
 + Level 10.1 Fire Magic


You had 5 spell levels left.
You knew the following spells:

 Your Spells              Type           Power        Failure   Level  Hunger
a - Flame Tongue          Conj/Fire      #####        1%          1    None
c - Conjure Flame         Conj/Fire      ######..     1%          3    ##.....
f - Fireball              Conj/Fire      ######....   2%          5    #####..
m - Sublimation of Blood  Necr           #####.....   1%          2    None
r - Regeneration          Chrm/Necr      ###.......   2%          3    ##.....
s - Sticky Flame          Conj/Fire      ######..     1%          4    ####...


Dungeon Overview and Level Annotations

Branches:
Dungeon (11/15)            Temple (1/1) D:4            Lair (0/6) D:9
    Orc (0/2) D:10

Altars:
Ashenzari
Cheibriados
Dithmenos
Elyvilon
Fedhas
Gozag
Hepliaklqana
Kikubaaqudgha
Makhleb
Nemelex Xobeh
Okawaru
Qazlal
Ru
Sif Muna
Trog
Uskayaw
Vehumet
Wu Jian
Xom
Yredelemnul
Zin
The Shining One

Shops:
D:4 (:   D:5 !

Annotations:
D:7 2 transporters


Innate Abilities, Weirdness & Mutations

You have a beak for a mouth.
You have claws for feet.
You can fly.


Message History

You feel a surge of power!
The sticky flame hits the soldier ant.
The soldier ant appears unharmed.
The soldier ant is covered in liquid flames!
The soldier ant burns!
The soldier ant stings you but does no damage.
You now have 6/21 mp.
The soldier ant burns!
The soldier ant burns!
The soldier ant burns!
The soldier ant stops burning.
Aim: a soldier ant (moderately wounded)
You feel a surge of power!
The sticky flame hits the soldier ant.
The soldier ant is covered in liquid flames!
The soldier ant burns!
The soldier ant stings you.
You are poisoned.
The soldier ant poisons you!
You take 5 damage, and have 48/62 hp.
You now have 3/21 mp.
You feel sick.
The soldier ant burns!
You take 1 damage, and have 47/62 hp.
You feel sick.
The soldier ant burns!
You kill the soldier ant!
Kikubaaqudgha accepts your kill.
You take 1 damage, and have 46/62 hp.
You feel sick.
You feel sick.
You take 1 damage, and have 45/62 hp.
You feel sick.
You take 1 damage, and have 44/62 hp.
You feel sick.
You take 1 damage, and have 43/62 hp.
You feel sick.
There is a stone staircase leading down here.
You feel sick.
You take 1 damage, and have 42/62 hp.
You feel sick.
You take 1 damage, and have 41/62 hp.
There is a stone staircase leading up here.
You feel sick.
You climb upwards.
There is a stone staircase leading down here.
You take 1 damage, and have 41/62 hp.
You start resting.
You feel sick. x5
You are no longer poisoned.
You take 2 damage, and have 39/62 hp.
You regained 3 mp, and now have 9/21 mp.
You start resting.
Health restored: 62; MP restored: 21
There is a stone staircase leading down here.
You climb downwards.
The five-headed hydra closely misses you.
The five-headed hydra bites you!
The five-headed hydra barely misses you. x2
The five-headed hydra bites you.
The five-headed hydra bites you but does no damage. x2
The five-headed hydra barely misses you.
The five-headed hydra bites you. x2
There is a stone staircase leading up, spattered with blood here.
You take 15 damage, and have 47/62 hp.
MASSIVE DAMAGE!!
Aim: a five-headed hydra
Okay, then.
Aim: a five-headed hydra You feel a surge of power!
The sticky flame hits the five-headed hydra.
The five-headed hydra is covered in liquid flames!
The five-headed hydra burns!
The five-headed hydra bites you! x2
The five-headed hydra bites you. The five-headed hydra bites you!
* * * LOW HITPOINT WARNING * * *
The five-headed hydra barely misses you.
You take 32 damage, and have 15/62 hp.
MASSIVE DAMAGE!!
You now have 17/21 mp.
The five-headed hydra burns!
The five-headed hydra bites you but does no damage.
The five-headed hydra misses you. The five-headed hydra bites you!
* * * LOW HITPOINT WARNING * * *
The five-headed hydra bites you but does no damage.
The five-headed hydra barely misses you.
You climb upwards.
There is a stone staircase leading down here.
You take 13 damage, and have 2/62 hp.
MASSIVE DAMAGE!!
Okay, then.
The five-headed hydra burns!
The five-headed hydra burns!
The five-headed hydra burns!
The five-headed hydra burns!
Aim: a five-headed hydra (moderately wounded, covered in liquid flames, chance to defeat MR: 15%)
Okay, then.
The five-headed hydra burns!
The five-headed hydra burns!
The five-headed hydra burns!
The five-headed hydra misses you.
The five-headed hydra barely misses you.
The five-headed hydra misses you. x2
The five-headed hydra barely misses you.
The five-headed hydra burns!
The five-headed hydra burns!
The five-headed hydra burns!
The five-headed hydra burns!
The five-headed hydra bites you!
You die...
Kikubaaqudgha rasps: "You have failed me!
Welcome... death!"

#############.#.# #.#.#
#################.#.#
#..............##.#.#
#####..............##.#.#
#........>..............#
#........##.....###.....#
#........##.........)[..#
#.......@##......#......#
#......D.##.......[.[...#
#........#####'#.##.#...#
#........# #.#.........
########### #.#..#.#####
#....# #.#...###...
#....# #.#..##.....
#..>.####.#.##......
#....'..#.#.#....≈≈≈


You could see a five-headed hydra (burning).

Vanquished Creatures
  2 two-headed ogres
  An unseen horror (D:10)
  An elephant (D:9)
  A komodo dragon (D:10)
  A troll (D:9)
  Grinder (D:4)
  2 hippogriffs (D:9)
  Prince Ribbit (D:5)
  A basilisk (D:9)
  A human (D:8)
  A yak (D:8)
  3 hogs (D:8)
  3 soldier ants (D:11)
  Edmund (D:6)
  A water moccasin (D:7)
  Duvessa (D:4)
  A black bear (D:11)
  A hornet zombie (D:9)
  A sky beast (D:10)
  A phantom (D:5)
  3 ice beasts
  2 necrophages
  3 ogres
  5 centaurs
  A crocodile (D:9)
  2 big kobolds
  The ghost of shakethe the Firebug, an amateur TeFE (D:3)
  Blork the orc (D:6)
  A wyvern zombie (D:9)
  7 bullfrogs
  A water moccasin zombie (D:6)
  A wyvern skeleton (D:9)
  2 scorpions (D:8)
  Dowan (D:4)
  3 howler monkeys (D:8)
  10 wights
  6 crimson imps
  5 hounds
  3 jellies
  Crazy Yiuf (D:3)
  2 quasits
  4 orc priests
  11 orc wizards
  3 centaur skeletons
  Jessica (D:10)
  Terence (D:3)
  4 iguanas
  15 worker ants
  A killer bee zombie (D:6)
  A hound skeleton (D:5)
  A worker ant zombie (D:6)
  8 adders
  15 gnolls
  2 river rats (D:4)
  2 shadow imps
  An ooze (D:4)
  2 adder zombies
  2 adder skeletons
  4 worms
  12 dart slugs
  4 leopard geckos
  31 orcs
  8 bats
  3 giant cockroaches (D:1)
  6 goblins
  7 hobgoblins
  14 jackals
  3 quokkas
  A frilled lizard (D:1)
  18 kobolds
  A quokka zombie (D:8)
  6 rats
279 creatures vanquished.

Vanquished Creatures (others)
  The ghost of nikopol the Magician, an amateur DEFE of Vehumet (D:4)
1 creature vanquished.

Grand Total: 280 creatures vanquished

Notes
Turn   | Place    | Note
-------+----------+-------------------------------------------
     0 | D:1      | shakethe the Tengu Fire Elementalist began the quest for the Orb.
     0 | D:1      | Reached XP level 1. HP: 10/10 MP: 4/4
   314 | D:1      | Reached XP level 2. HP: 15/15 MP: 3/6
   509 | D:1      | Reached skill level 2 in Conjurations
   762 | D:1      | Reached XP level 3. HP: 19/19 MP: 5/7
   773 | D:1      | Reached skill level 4 in Fire Magic
  2062 | D:3      | Noticed shakethe's ghost (amateur TeFE)
  2069 | D:3      | Killed shakethe's ghost
  2069 | D:3      | Reached skill level 3 in Conjurations
  2069 | D:3      | Reached XP level 4. HP: 23/24 MP: 0/9
  2069 | D:3      | Gained mutation: You can fly. [Tengu growth]
  2069 | D:3      | Reached XP level 5. HP: 27/28 MP: 0/10
  2320 | D:2      | Learned a level 4 spell: Sticky Flame
  2363 | D:2      | Learned a level 3 spell: Conjure Flame
  2374 | D:2      | HP: 3/28 [gnoll/club (8)]
  2391 | D:2      | Reached skill level 5 in Fire Magic
  2685 | D:3      | Reached skill level 3 in Spellcasting
  3105 | D:3      | Noticed Terence
  3111 | D:3      | Killed Terence
  3146 | D:3      | HP: 7/28 [dart slug/slug dart (3)]
  3169 | D:2      | HP: 5/28 [crimson imp (4)]
  3507 | D:3      | Reached XP level 6. HP: 20/32 MP: 8/11
  3664 | D:3      | Reached skill level 4 in Conjurations
  3989 | D:3      | Found a runed door.
  4183 | D:3      | Noticed Crazy Yiuf
  4191 | D:3      | Killed Crazy Yiuf
  4227 | D:4      | Noticed nikopol's ghost (amateur DEFE)
  4559 | D:4      | Noticed Duvessa
  4561 | D:4      | Noticed Dowan
  4673 | D:4      | Reached skill level 6 in Fire Magic
  4688 | D:4      | Found a basalt altar of Yredelemnul.
  4762 | D:4      | Found Zenod's Weapon Emporium.
  4786 | D:4      | Noticed Grinder
  4787 | D:4      | Reached XP level 7. HP: 32/36 MP: 1/13
  4795 | D:4      | Found Safupum's Book Emporium.
  5017 | D:4      | Killed Dowan
  5018 | D:4      | HP: 5/36 [Duvessa/short sword (11)]
  5020 | D:4      | Killed Duvessa
  5020 | D:4      | Reached skill level 4 in Spellcasting
  5020 | D:4      | Reached skill level 5 in Conjurations
  5020 | D:4      | Reached skill level 7 in Fire Magic
  5031 | D:4      | Found an ancient bone altar of Kikubaaqudgha.
  5406 | D:4      | Learned a level 5 spell: Fireball
  5698 | D:4      | Banished nikopol's ghost
  5784 | D:4      | Killed Grinder
  5784 | D:4      | Reached XP level 8. HP: 35/41 MP: 10/15
  5852 | D:4      | Reached skill level 6 in Conjurations
  6423 | D:4      | Reached skill level 8 in Fire Magic
  6500 | D:4      | Found a staircase to the Ecumenical Temple.
  6506 | Temple   | Entered the Ecumenical Temple
  6783 | D:4      | Became a worshipper of Kikubaaqudgha
  6833 | D:5      | Entered Level 5 of the Dungeon
  6834 | D:5      | Found a blossoming altar of Fedhas.
  6836 | D:5      | Noticed Prince Ribbit
  6844 | D:5      | Killed Prince Ribbit
  6844 | D:5      | Reached skill level 1 in Shields
  6947 | D:5      | Reached skill level 1 in Armour
  7119 | D:5      | Found Hetrudil's Distillery.
  7130 | D:5      | Reached skill level 1 in Fighting
  7397 | D:5      | Reached skill level 3 in Dodging
  7535 | D:5      | Reached skill level 2 in Armour
  7535 | D:5      | Reached skill level 2 in Shields
  7535 | D:5      | Reached XP level 9. HP: 36/47 MP: 14/17
  7712 | D:5      | Reached * piety under Kikubaaqudgha
  7712 | D:5      | Identified Kikubaaqudgha's Incunabulum of Sinister Rites (Kikubaaqudgha gifted it to you on level 5 of the Dungeon)
  7712 | D:5      | Received a gift from Kikubaaqudgha
  7712 | D:5      | Reached skill level 5 in Spellcasting
  7721 | D:5      | Learned a level 2 spell: Sublimation of Blood
  8129 | D:5      | Learned a level 3 spell: Regeneration
  8187 | D:6      | Reached skill level 2 in Necromancy
  8234 | D:6      | Found a shimmering altar of Xom.
  8349 | D:6      | Reached skill level 3 in Necromancy
  8499 | D:6      | Reached skill level 4 in Necromancy
  8599 | D:6      | Noticed Edmund
  8619 | D:6      | Killed Edmund
  8781 | D:6      | Reached skill level 5 in Necromancy
  9258 | D:6      | Noticed Blork the orc
  9269 | D:6      | Killed Blork the orc
  9577 | D:7      | Found a transporter.
  9578 | D:7      | Found a hide-covered altar of Uskayaw.
  9578 | D:7      | Noticed a gargoyle
  9681 | D:7      | Reached skill level 2 in Fighting
  9681 | D:7      | Reached skill level 7 in Conjurations
 10058 | D:7      | Found a transporter.
 10088 | D:7      | Reached ** piety under Kikubaaqudgha
 10088 | D:7      | Reached skill level 6 in Necromancy
 10555 | D:7      | Reached skill level 9 in Fire Magic
 10691 | D:8      | Found a snail-covered altar of Cheibriados.
 10857 | D:8      | Reached skill level 3 in Armour
 10952 | D:8      | Reached XP level 10. HP: 46/54 MP: 3/18
 11011 | D:7      | Reached skill level 3 in Shields
 11087 | D:8      | Reached skill level 4 in Dodging
 12157 | D:8      | Reached skill level 3 in Fighting
 12234 | D:8      | Found a shadowy altar of Dithmenos.
 12616 | D:8      | Reached *** piety under Kikubaaqudgha
 12616 | D:8      | Identified Kikubaaqudgha's Tome of Evil Rites (Kikubaaqudgha gifted it to you on level 8 of the Dungeon)
 12616 | D:8      | Received a gift from Kikubaaqudgha
 12817 | D:8      | Reached skill level 8 in Conjurations
 13022 | D:9      | Found an ornate altar of the Wu Jian Council.
 13149 | D:9      | Reached skill level 4 in Armour
 13283 | D:9      | Noticed a deep elf mage
 13285 | D:9      | Noticed a two-headed ogre
 13672 | D:9      | Found a deep blue altar of Sif Muna.
 13717 | D:9      | Reached skill level 5 in Dodging
 13717 | D:9      | Reached skill level 4 in Shields
 13717 | D:9      | Reached skill level 6 in Spellcasting
 13930 | D:9      | Found a staircase to the Lair.
 13931 | D:9      | Noticed an elephant
 13947 | D:9      | Killed an elephant
 13947 | D:9      | Reached skill level 7 in Necromancy
 13964 | D:9      | Reached skill level 4 in Fighting
 13981 | D:9      | Noticed a two-headed ogre
 14000 | D:9      | Killed a two-headed ogre
 14000 | D:9      | Reached XP level 11. HP: 61/61 MP: 2/21
 14300 | D:10     | Entered Level 10 of the Dungeon
 14323 | D:10     | Noticed an unseen horror
 14329 | D:10     | Killed an unseen horror
 14329 | D:10     | Reached skill level 5 in Armour
 14459 | D:10     | Noticed Jessica
 14461 | D:10     | Killed Jessica
 14478 | D:10     | Found a deep blue altar of Sif Muna.
 14649 | D:10     | Identified Sif Muna's Grimoire of Boosting Poison
 14692 | D:10     | Noticed a two-headed ogre
 14710 | D:10     | Killed a two-headed ogre
 14710 | D:10     | Reached skill level 9 in Conjurations
 14710 | D:10     | Reached skill level 10 in Fire Magic
 15025 | D:10     | Found a staircase to the Orcish Mines.
 15823 | D:11     | Reached skill level 6 in Dodging
 16126 | D:11     | Reached **** piety under Kikubaaqudgha
 16142 | D:11     | Noticed a five-headed hydra
 16302 | D:11     | HP: 15/62 [five-headed hydra (7)]
 16303 | D:11     | HP: 2/62 [five-headed hydra (14)]
 16315 | D:10     | Mangled by a five-headed hydra

Skill      XL: |  1  2  3  4  5  6  7  8  9 10 11 |
---------------+----------------------------------+-----
Conjurations   | 2 3 4 5 6 7 8 9 |  9.3
Fire Magic     | 4 5 6 7 8 9 10 | 10.1
Spellcasting   | 3 4 5 6 |  6.6
Shields        | 2 4 |  4.0
Armour         | 2 3 4 5 |  5.5
Fighting       | 1 2 4 |  4.9
Dodging        | 3 5 6 |  6.1
Necromancy     | 6 7 |  7.7
Stealth        | |  2.0

Action                   |  1- 3 |  4- 6 |  7- 9 | 10-12 || total
-------------------------+-------+-------+-------+-------++-------
Melee: Club              |    26 |     3 |       |       ||    29
       Peck              |     4 |       |    12 |    23 ||    39
       Kick              |     7 |     1 |    11 |    37 ||    56
       Quarterstaff      |       |     4 |    54 |       ||    58
       Mace              |       |       |    24 |   153 ||   177
       Staff             |       |       |       |    21 ||    21
 Cast: Flame Tongue      |    54 |    71 |   133 |    85 ||   343
       Sticky Flame      |       |    10 |    35 |    83 ||   128
       Sublimation of Bl |       |       |     8 |    54 ||    62
       Conjure Flame     |       |       |     3 |     3 ||     6
       Fireball          |       |       |     1 |    10 ||    11
       Regeneration      |       |       |       |    15 ||    15
 Abil: Fly               |       |       |       |     1 ||     1
  Use: Potion            |       |     1 |       |       ||     1
       Scroll            |       |     3 |       |     1 ||     4
  Eat: Chunk             |     3 |     8 |    15 |    23 ||    49
       Ration            |       |     1 |     3 |     3 ||     7
Armor: Robe              |    12 |    20 |    54 |    76 ||   162
Dodge: Dodged            |    32 |    40 |   111 |   249 ||   432
Block: Buckler           |       |       |    14 |    84 ||    98

Vault maps used:
D:1:      nzn_arrival_depleted_hourglass
D:3:      kennysheep_slugbush, first_ration, uniq_terence,
          uniq_crazy_yiuf_cottage
D:4:      kiku_gazebo_pond_becter, overflow_temple_1_default,
          minmay_temple_entry_fiery, portal_sewer_entry_b, serial_shops, shop,
          nicolae_shop_window_shopping, uniq_grinder, uniq_duvessa
D:5:      serial_shops, shop, basic_altar, minmay_misc_feat_pillars,
          nicolae_sextant, uniq_prince_ribbit1
D:6:      basic_altar, uniq_blork_the_orc, uniq_edmund
D:7:      gammafunk_temple_overflow_arena
D:8:      nicolae_dithmenos_shadow_blocks, grunt_livestock, cheibriados_altar_1
D:9:      chequers_temple_overflow_statue_of_worship, david_lair_generic,
          minivault_12
D:10:     orc_0_dummy, tgw_sif
D:11:     minmay_another_anthill
Temple:   nicolae_temple_elliptical

Table legend:
 A = Turns spent in this place as a percentage of turns spent in the entire game.
 B = Non-inter-level travel turns spent in this place as a percentage of non-inter-level travel turns spent in the entire game.
 C = Inter-level travel turns spent in this place as a percentage of turns spent in this place.
 D = Turns resting spent in this place as a percentage of non-inter-level travel turns spent in this place.
 E = Turns spent auto-exploring this place as a percentage of non-inter-level travel turns spent in this place.
 F = Non-inter-level travel turns spent in this place divided by the number of levels of this place that you've seen.
                   A       B       C       D       E      F
               +-------+-------+-------+-------+-------+----------------------
         Total | 100.0 | 100.0 |   1.7 |  32.0 |  30.5 | 1336.5
       Dungeon |  98.9 |  99.1 |   1.5 |  32.3 |  29.9 | 1445.0
        Temple |   1.1 |   0.9 |  16.9 |   0.0 |  99.3 | 143.0
               +-------+-------+-------+-------+-------+----------------------

Table legend:
 A = Kills in this place as a percentage of kills in entire the game.
 B = Kills by you in this place as a percentage of kills by you in the entire game.
 C = Kills by friends in this place as a percentage of kills by friends in the entire game.
 D = Other kills in this place as a percentage of other kills in the entire game.
 E = Experience gained in this place as a percentage of experience gained in the entire game.
 F = Experience gained in this place divided by the number of levels of this place that you have seen.
                   A       B       C       D       E      F
               +-------+-------+-------+-------+-------+----------------------
         Total | 100.0 | 100.0 |   N/A | 100.0 | 100.0 | 1209.1
       Dungeon | 100.0 | 100.0 |   N/A | 100.0 | 100.0 | 1319.0
               +-------+-------+-------+-------+-------+----------------------
